 Dungeon Crawl Stone Soup version 0.24.0-123-gd5b16e6ec5 (webtiles) character file.

Game seed: 1318747217482453653, levelgen mode: deterministic

29922 FishyPogo the Thaumaturge (level 13, -6/101 HPs)
             Began as a Gnoll Skald on Feb 1, 2020.
             Was the Champion of Okawaru.
             Mangled by a basilisk (16 damage)
             ... on level 5 of the Lair of Beasts on Feb 2, 2020.
             The game lasted 00:55:23 (14568 turns).

FishyPogo the Thaumaturge (Gnoll Skald)            Turns: 14568, Time: 00:55:26

Health: -6/101     AC:  9    Str: 19    XL:     13   Next: 48%
Magic:  26/26      EV: 19    Int: 24    God:    Okawaru [******]
Gold:   956        SH:  0    Dex: 18    Spells: 3/31 levels left

rFire    x . .     SeeInvis +   Q - +9 executioner's axe of Unreason {freeze, *Rage rElec Dex+4 Stlth+}
rCold    . . .     Gourm    .   (shield currently unavailable)
rNeg     + . .     Faith    .   M - +0 leather armour of the Doldrums {rElec rF- Str+4} (curse)
rPois    .         Spirit   .   i - +3 helmet "Jolel" {Str-3 Int+7 SInv}
rElec    +         Reflect  .   (no cloak)
rCorr    .         Harm     .   h - +0 pair of gloves
MR       +++..     Clarity  +   (no boots)
Stlth    +++++.....             Z - amulet of the Four Winds {rN+ MR+++ Clar}
HPRegen  0.26/turn              f - ring of see invisible
MPRegen  0.20/turn              (no ring)

@: very slightly contaminated
A: distributed training, fangs 1, strong nose
a: Heroism, Finesse, Renounce Religion


You were on level 5 of the Lair of Beasts.
You worshipped Okawaru.
Okawaru was exalted by your worship.
You were very hungry.

You visited 2 branches of the dungeon, and saw 17 of its levels.
You also visited: Sewer.

You collected 956 gold pieces.

Inventory:

Hand Weapons
 a - a +4 scimitar of flaming
 I - a +0 demon blade of flaming
 Q - the +9 executioner's axe of Unreason (weapon) {freeze, *Rage rElec Dex+4 Stlth+}
   (You acquired it on level 4 of the Lair of Beasts)

   It has been specially enchanted to freeze those struck by it, causing extra
   injury to most foes and up to half again as much damage against particularly
   susceptible opponents.
   It can also slow down cold-blooded creatures.
   It affects your dexterity (+4).
   It insulates you from electricity.
   It may make you go berserk in combat.
   It makes you more stealthy.
Missiles
 u - 4 atropa-tipped darts
 C - 99 poisoned darts (quivered)
 N - 88 stones
 O - 13 silver javelins
 U - 6 silver boomerangs
 W - 4 boomerangs
Armour
 h - a +0 pair of gloves (worn)
 i - the +3 helmet "Jolel" (worn) {Str-3 Int+7 SInv}
   (Okawaru gifted it to you on level 3 of the Lair of Beasts)

   It affects your strength (-3).
   It affects your intelligence (+7).
   It lets you see invisible.
 y - a +5 scale mail of cold resistance
 M - the cursed +0 leather armour of the Doldrums (worn) {rElec rF- Str+4}
   (You found it on level 4 of the Lair of Beasts)

   It affects your strength (+4).
   It makes you vulnerable to fire.
   It insulates you from electricity.
   It has a curse placed upon it.
 X - the +3 buckler of Zuinap {Stlth+}
   (Okawaru gifted it to you on level 10 of the Dungeon)

   It makes you more stealthy.
Jewellery
 f - a ring of see invisible (left hand)
 n - a cursed amulet of inaccuracy {unknown}
 Z - the amulet of the Four Winds (around neck) {rN+ MR+++ Clar}
   (You found it on level 10 of the Dungeon)

   [amulet of nothing]

   It protects you from negative energy.
   It affects your resistance to hostile enchantments.
   It protects you against confusion.
Wands
 e - a wand of enslavement (3)
 B - a wand of disintegration (10)
 H - a wand of digging (5)
 J - a wand of acid (11)
 P - a wand of flame (56)
Scrolls
 g - 4 scrolls of identify
 j - 4 scrolls of enchant weapon
 l - 7 scrolls of teleportation
 o - 3 scrolls of fear
 w - a scroll of immolation
 A - a scroll of blinking
 F - 9 scrolls of remove curse
 G - 2 scrolls of magic mapping
 L - 2 scrolls of fog
 R - a scroll of brand weapon
 T - 2 scrolls of holy word
 Y - a scroll of silence
Potions
 c - 2 potions of agility
 k - 12 potions of curing
 m - a potion of resistance
 p - 2 potions of magic
 q - 2 potions of invisibility
 r - 6 potions of brilliance
 s - 3 potions of haste
 t - 3 potions of mutation
 v - 3 potions of lignification
 x - a potion of might
 z - 7 potions of heal wounds
 K - 2 potions of ambrosia
Comestibles
 d - 40 rations


   Skills:
 + Level 9.4 Fighting
 + Level 9.4 Short Blades
 + Level 8.2 Long Blades
 + Level 8.2 Axes
 + Level 8.2 Maces & Flails
 + Level 8.2 Polearms
 + Level 8.2 Staves
 + Level 8.2 Slings
 + Level 8.2 Bows
 + Level 8.2 Crossbows
 + Level 8.2 Throwing
 + Level 8.6 Armour
 + Level 9.4 Dodging
 + Level 8.2 Stealth
 + Level 8.2 Shields
 + Level 8.2 Unarmed Combat
 + Level 9.6 Spellcasting
 + Level 6.8 Conjurations
 + Level 6.8 Hexes
 + Level 8.8 Charms
 + Level 6.8 Summonings
 + Level 6.8 Necromancy
 + Level 6.8 Translocations
 + Level 6.8 Transmutations
 + Level 6.8 Fire Magic
 + Level 6.8 Ice Magic
 + Level 6.8 Air Magic
 + Level 6.8 Earth Magic
 + Level 6.8 Poison Magic
 + Level 9.0 Invocations
 + Level 8.2 Evocations


You had 3 spell levels left.
You knew the following spells:

 Your Spells              Type           Power        Failure   Level  Hunger
b - Poisonous Vapours     Pois/Air       #####.       1%          2    None
c - Mephitic Cloud        Conj/Pois/Air  #####...     1%          3    None
h - Regeneration          Chrm/Necr      #####.....   1%          3    None
j - Conjure Flame         Conj/Fire      #####...     1%          3    None
k - Beastly Appendage     Tmut           #####.       1%          1    None
l - Borgnjor's Vile Clut  Necr/Erth      #####.....   11%         5    ####...
n - Spectral Weapon       Hex/Chrm       #####...     1%          3    None
p - Shroud of Golubria    Chrm/Tloc      #####.       1%          2    None
s - Spider Form           Tmut/Pois      #####.....   1%          3    None
u - Song of Slaying       Chrm           ######..     1%          2    None
y - Infusion              Chrm           ####         1%          1    None

Your spell library contained the following spells:

 Spells                   Type           Power        Failure   Level  Hunger
 Apportation              Tloc           #####.       1%          1    None
 Corona                   Hex            #####..      1%          1    None
 Freeze                   Ice            ####         1%          1    None
 Pain                     Necr           ####         1%          1    None
 Ensorcelled Hibernation  Hex/Ice        #####.       1%          2    None
 Sticks to Snakes         Tmut           #####...     1%          2    None
 Cause Fear               Hex            #####.....   3%          4    #......
 Ice Form                 Ice/Tmut       #####...     3%          4    #......
 Blade Hands              Tmut           #####.....   11%         5    ####...
 Silence                  Hex/Air        #####.....   11%         5    ####...
 Yara's Violent Unravell  Hex/Tmut       #####.....   11%         5    ####...
 Deflect Missiles         Chrm/Air       #####.....   36%         6    ######.
 Darkness                 Hex            #####.....   52%         6    ######.
 Freezing Cloud           Conj/Ice/Air   #####.....   52%         6    ######.
 Shadow Creatures         Summ           N/A          52%         6    ######.
 Ring of Flames           Chrm/Fire      #####.....   91%         7    #######
 Discord                  Hex            #####.....   100%        8    #######


Dungeon Overview and Level Annotations

Branches:
Dungeon (12/15)            Temple (0/1) D:5            Lair (5/6) D:8
  Swamp (0/4) Lair:3       Spider (0/4) Lair:2        Sewer (visited)
  Slime: Lair:5-6       Orc: D:9-12

Altars:
Cheibriados
Gozag
Okawaru
Trog
Beogh

Shops:
D:6 [

Annotations:
D:11 3 runed translucent doors, Bluestream's ghost, journeyman MiBe


Innate Abilities, Weirdness & Mutations

Your experience applies equally to all skills.
You have very sharp teeth.
Your uncanny sense of smell can sniff out nearby items.


Message History

The fire crab claws you but does no damage.
A basilisk comes into view.
You barely miss the fire crab.
You are engulfed in blazing flames.
The basilisk hisses angrily.
The fire crab barely misses you. x2
Unknown command.
You slice the fire crab!! You freeze the fire crab!
The fire crab is severely wounded.
The bullfrog croaks.
The bullfrog hits the fungus.
The basilisk gazes at you. You resist with almost no effort.
The fire crab bites you.
You are engulfed in flames!!
The fire burns you terribly!
* * * LOW HITPOINT WARNING * * *
The fire crab claws you!
* * * LOW HITPOINT WARNING * * *
You are engulfed in flames!
The fire burns you terribly!
* * * LOW HITPOINT WARNING * * *
The basilisk bites you!
You die...

.PF...### P.PP#.#)# ##
.......#
###.#+#.#.#..##
..............#####..
...............P.....
.8l...t......P........
.....l.@...^...#......
......l...............
8.8..l....%...........
...........P...+......
........P......#......
(8..............#
....P#.........##
.#.P..##.#...###
#..##...!..P.###


You could see a fire crab, 4 basilisks and a bullfrog.

Vanquished Creatures
  4 hydras
  A two-headed ogre (D:9)
  Erica (D:8)
  Urug (Lair:4)
  A death yak (D:8)
  Nergalle (D:10)
  3 black mambas
  Maurice (D:9)
  A torpor snail (Lair:3)
  11 spiny frogs
  2 rime drakes (Lair:4)
  2 hornets
  3 blink frogs (Lair:2)
  5 dream sheep (Lair:4)
  A bog body (Lair:3)
  7 hippogriffs
  A meliai zombie (D:11)
  38 yaks
  A wraith (D:11)
  A vampire (D:9)
  A steam dragon (D:9)
  3 basilisks
  A soldier ant (D:10)
  12 water moccasins
  3 porcupines
  4 orc warriors
  2 black bears
  2 ice beasts
  5 sky beasts
  2 ogres
  A phantom (D:7)
  8 centaurs
  4 wolves (Lair:4)
  9 crocodiles
  5 big kobolds
  12 bullfrogs
  3 scorpions
  A water moccasin skeleton (D:8)
  5 killer bees (D:8)
  9 wights (D:8)
  A howler monkey (D:9)
  A bullfrog zombie (D:5)
  3 crimson imps
  A quasit (D:5)
  2 orc priests
  6 hounds
  A jelly (D:5)
  3 centaur skeletons
  2 centaur zombies
  A gnoll shaman (D:6)
  9 orc wizards
  5 iguanas
  9 hell rats (Lair:1)
  8 worker ants
  A hound zombie (D:9)
  2 worker ant zombies
  9 gnolls
  20 adders
  14 river rats
  2 shadow imps
  An ooze (D:3)
  An adder skeleton (D:5)
  9 worms
  A dart slug (D:1)
  6 leopard geckos
  46 orcs
  5 ball pythons
  9 giant cockroaches
  12 goblins
  9 hobgoblins
  16 jackals
  11 quokkas
  4 bats
  3 frilled lizards
  A jackal zombie (D:7)
  48 kobolds
  A leopard gecko zombie (D:6)
  38 rats
499 creatures vanquished.

Vanquished Creatures (others)
  4 fungi
  3 plants
  10 spectral weapons
17 creatures vanquished.

Grand Total: 516 creatures vanquished

Notes
Turn   | Place    | Note
-------+----------+-------------------------------------------
     0 | D:1      | FishyPogo the Gnoll Skald began the quest for the Orb.
     0 | D:1      | Reached XP level 1. HP: 20/20 MP: 6/6
    78 | D:1      | Reached XP level 2. HP: 21/26 MP: 7/7
   140 | D:1      | Learned a level 2 spell: Song of Slaying
   144 | D:1      | Learned a level 2 spell: Shroud of Golubria
   394 | D:1      | Reached XP level 3. HP: 25/31 MP: 7/9
   399 | D:1      | Learned a level 3 spell: Regeneration
   403 | D:1      | Learned a level 3 spell: Spectral Weapon
   458 | D:1      | Reached skill level 5 in Spellcasting
   869 | D:2      | Reached skill level 1 in Invocations
   948 | D:2      | Reached skill level 1 in Long Blades
   948 | D:2      | Reached skill level 1 in Axes
   948 | D:2      | Reached skill level 1 in Maces & Flails
   948 | D:2      | Reached skill level 1 in Polearms
   948 | D:2      | Reached skill level 1 in Staves
   948 | D:2      | Reached skill level 1 in Slings
   948 | D:2      | Reached skill level 1 in Bows
   948 | D:2      | Reached skill level 1 in Crossbows
   948 | D:2      | Reached skill level 1 in Throwing
   948 | D:2      | Reached skill level 1 in Stealth
   948 | D:2      | Reached skill level 1 in Shields
   948 | D:2      | Reached skill level 1 in Unarmed Combat
   948 | D:2      | Reached skill level 1 in Evocations
  1037 | D:2      | Reached XP level 4. HP: 17/38 MP: 1/11
  1324 | D:2      | Found an iron altar of Okawaru.
  1332 | D:2      | Became a worshipper of Warmaster Okawaru
  1350 | D:2      | Reached skill level 1 in Conjurations
  1350 | D:2      | Reached skill level 1 in Hexes
  1350 | D:2      | Reached skill level 1 in Summonings
  1350 | D:2      | Reached skill level 1 in Necromancy
  1350 | D:2      | Reached skill level 1 in Translocations
  1350 | D:2      | Reached skill level 1 in Transmutations
  1350 | D:2      | Reached skill level 1 in Fire Magic
  1350 | D:2      | Reached skill level 1 in Ice Magic
  1350 | D:2      | Reached skill level 1 in Air Magic
  1350 | D:2      | Reached skill level 1 in Earth Magic
  1350 | D:2      | Reached skill level 1 in Poison Magic
  1610 | D:3      | Reached XP level 5. HP: 41/43 MP: 7/12
  2766 | D:4      | Reached XP level 6. HP: 48/50 MP: 4/13
  2931 | D:5      | Entered Level 5 of the Dungeon
  2946 | D:5      | Found a staircase to the Ecumenical Temple.
  3028 | D:5      | Reached skill level 5 in Fighting
  3028 | D:5      | Reached skill level 5 in Short Blades
  3028 | D:5      | Reached skill level 5 in Dodging
  3120 | D:5      | Reached * piety under Okawaru
  3166 | D:5      | Reached XP level 7. HP: 43/56 MP: 11/15
  4019 | D:6      | Reached XP level 8. HP: 59/63 MP: 16/16
  4070 | D:6      | Found a glowing drain.
  4086 | D:6      | Learned a level 1 spell: Beastly Appendage
  4104 | Sewer    | Entered a sewer
  4238 | Sewer    | Reached ** piety under Okawaru
  4706 | D:6      | Found Reydist's Armour Emporium.
  5484 | D:7      | Reached *** piety under Okawaru
  5484 | D:7      | Reached XP level 9. HP: 46/69 MP: 18/18
  5874 | D:8      | Found an opulent altar of Gozag.
  5875 | D:8      | Noticed Erica
  5883 | D:8      | Killed Erica
  5883 | D:8      | Reached skill level 5 in Armour
  5969 | D:8      | Reached **** piety under Okawaru
  6216 | D:8      | Noticed a death yak
  6226 | D:8      | Killed a death yak
  6226 | D:8      | Reached skill level 5 in Invocations
  6226 | D:8      | Reached XP level 10. HP: 77/77 MP: 16/20
  6246 | D:8      | Found a staircase to the Lair.
  6542 | D:8      | Found a bloodstained altar of Trog.
  6593 | D:8      | Learned a level 3 spell: Spider Form
  6824 | D:8      | Reached skill level 5 in Long Blades
  6824 | D:8      | Reached skill level 5 in Axes
  6824 | D:8      | Reached skill level 5 in Maces & Flails
  6824 | D:8      | Reached skill level 5 in Polearms
  6824 | D:8      | Reached skill level 5 in Staves
  6824 | D:8      | Reached skill level 5 in Slings
  6824 | D:8      | Reached skill level 5 in Bows
  6824 | D:8      | Reached skill level 5 in Crossbows
  6824 | D:8      | Reached skill level 5 in Throwing
  6824 | D:8      | Reached skill level 5 in Stealth
  6824 | D:8      | Reached skill level 5 in Shields
  6824 | D:8      | Reached skill level 5 in Unarmed Combat
  6824 | D:8      | Reached skill level 5 in Evocations
  6976 | D:8      | Reached ***** piety under Okawaru
  6984 | D:8      | Received a gift from Okawaru
  7153 | D:9      | Noticed a two-headed ogre
  7162 | D:9      | Killed a two-headed ogre
  7189 | D:9      | Identified Vumyitz's Introduction to Theurgy
  7231 | D:9      | Noticed Maurice
  7237 | D:9      | Killed Maurice
  7871 | D:9      | Identified the cursed +0 hunting sling of the Aged Moons
                  | {venom, rElec rC+ Dex-5 SInv}
  7903 | D:9      | Reached XP level 11. HP: 28/84 MP: 22/22
  8783 | D:10     | Entered Level 10 of the Dungeon
  8886 | D:10     | Found a roughly hewn altar of Beogh.
  9039 | D:10     | Received a gift from Okawaru
  9040 | D:10     | Got an ancient buckler {god gift}
  9045 | D:10     | Identified the +3 buckler of Zuinap {Stlth+} (Okawaru
                  | gifted it to you on level 10 of the Dungeon)
  9052 | D:10     | Reached skill level 5 in Conjurations
  9052 | D:10     | Reached skill level 5 in Hexes
  9052 | D:10     | Reached skill level 5 in Summonings
  9052 | D:10     | Reached skill level 5 in Necromancy
  9052 | D:10     | Reached skill level 5 in Translocations
  9052 | D:10     | Reached skill level 5 in Transmutations
  9052 | D:10     | Reached skill level 5 in Fire Magic
  9052 | D:10     | Reached skill level 5 in Ice Magic
  9052 | D:10     | Reached skill level 5 in Air Magic
  9052 | D:10     | Reached skill level 5 in Earth Magic
  9052 | D:10     | Reached skill level 5 in Poison Magic
  9163 | D:10     | Noticed Nergalle
  9174 | D:10     | Killed Nergalle
  9398 | D:10     | Found the amulet of the Four Winds {rN+ MR+++ Clar}
 10110 | D:11     | Learned a level 3 spell: Conjure Flame
 10113 | D:11     | Learned a level 2 spell: Poisonous Vapours
 10117 | D:11     | Learned a level 3 spell: Mephitic Cloud
 10163 | D:11     | Noticed Bluestream's ghost (journeyman MiBe)
 10179 | D:11     | Noticed a six-headed hydra
 10191 | D:11     | Killed a one-headed hydra
 10201 | D:11     | Found a snail-covered altar of Cheibriados.
 10269 | D:11     | Found a runed translucent gate.
 10269 | D:11     | Found a runed translucent gate.
 10269 | D:11     | Found a runed translucent gate.
 10276 | D:11     | Noticed a minotaur
 10712 | D:12     | Noticed a cyclops
 10869 | Lair:1   | Entered Level 1 of the Lair of Beasts
 10923 | Lair:1   | You fall into a shaft and drop 1 floor!
 11075 | Lair:1   | Reached ****** piety under Okawaru
 11088 | Lair:1   | Reached XP level 12. HP: 34/93 MP: 24/24
 11289 | Lair:1   | Received a gift from Okawaru
 12286 | Lair:2   | Found a hole to the Spider Nest.
 12292 | Lair:2   | Received a gift from Okawaru
 12422 | Lair:2   | Noticed a four-headed hydra
 12430 | Lair:2   | Killed a one-headed hydra
 12829 | Lair:3   | Received a gift from Okawaru
 12990 | Lair:3   | Found a staircase to the Swamp.
 12993 | Lair:3   | Reached XP level 13. HP: 88/101 MP: 13/26
 13177 | Lair:3   | Received a gift from Okawaru
 13183 | Lair:3   | Got a spiked helmet {god gift}
 13188 | Lair:3   | Identified the +3 helmet "Jolel" {Str-3 Int+7 SInv}
                  | (Okawaru gifted it to you on level 3 of the Lair of Beasts)
 13684 | Lair:4   | HP: 2/101 [something (4)]
 13832 | Lair:4   | Noticed Urug
 13847 | Lair:4   | Killed Urug
 13972 | Lair:4   | Learned a level 5 spell: Borgnjor's Vile Clutch
 14009 | Lair:4   | Got a translucent leather armour
 14019 | Lair:4   | Identified the cursed +0 leather armour of the Doldrums
                  | {rElec rF- Str+4} (You found it on level 4 of the Lair of
                  | Beasts)
 14025 | Lair:4   | Identified a scroll of acquirement
 14031 | Lair:4   | Got a warped executioner's axe
 14031 | Lair:4   | Identified the +9 executioner's axe of Unreason {freeze,
                  | *Rage rElec Dex+4 Stlth+} (You acquired it on level 4 of
                  | the Lair of Beasts)
 14568 | Lair:5   | Mangled by a basilisk

Levels and vault maps discovered:
D:1:      dpeg_arrival_round_c, layout_rooms, chequers_big_river,
          nrook_campfire, minmay_octomino_j4
D:2:      layout_basic, serial_forest, infiniplex_forest_corner_1,
          infiniplex_forest_end_3, infiniplex_forest_lined_room_3,
          infiniplex_forest_corner_1, infiniplex_forest_straight_4,
          infiniplex_forest_corner_1, infiniplex_forest_lined_2,
          infiniplex_forest_lined_3, infiniplex_forest_straight_3,
          okawaru_metal_pillars_1_2
D:3:      layout_loops_ring, first_ration
D:4:      layout_basic
D:5:      layout_basic, minmay_temple_entry_glassed_door
D:6:      layout_loops_ring, serial_shops, nicolae_shop_crystal,
          cheibrodos_sewer_entry_bend, hangedman_abyss_or_decor_passed
D:7:      layout_loops_ring
D:8:      layout_loops_corners, lemuel_round_altar, david_lair_generic,
          basic_altar, ldierk_geyser, uniq_erica
D:9:      minmay_bubble_buster, layout_long_grid, uniq_maurice
D:10:     layout_loops_corners, special_room [special_room_orc],
          hangedman_pestilent_swarm, uniq_nergalle
D:11:     layout_irregular_city, maelrawn_ghost_gauntlet_escape,
          hangedman_abyss_or_decor_slice, cheibriados_altar_1
D:12:     layout_cave_pools, hiddenorc2_lemuel, serial_shops, shop,
          nicolae_shop_waterfront, gammafunk_ghost_icy, minmay_diced_spiral
Lair:1:   lemuel_ratsnest, layout_loops_ring
Lair:2:   layout_misc_corridors, nicolae_spider_entry_non_spiders
Lair:3:   layout_loops_ring, skrybe_swamp_entry_bodies, lemuel_fruit_fields
Lair:4:   layout_regular_city, uniq_urug
Lair:5:   layout_roguey, mumra_transporter_accident, kennysheep_basilisk_garden,
          infiniplex_staircase_pool, lemuel_fruit_tree

Skill      XL: |  1  2  3  4  5  6  7  8  9 10 11 12 13 |
---------------+----------------------------------------+-----
Spellcasting   | 5 6 7 8 9 |  9.6
Invocations    | 1 2 3 4 5 6 7 8 9 |  9.0
Long Blades    | 1 2 3 4 5 6 7 8 |  8.2
Axes           | 1 2 3 4 5 6 7 8 |  8.2
Maces & Flails | 1 2 3 4 5 6 7 8 |  8.2
Polearms       | 1 2 3 4 5 6 7 8 |  8.2
Staves         | 1 2 3 4 5 6 7 8 |  8.2
Slings         | 1 2 3 4 5 6 7 8 |  8.2
Bows           | 1 2 3 4 5 6 7 8 |  8.2
Crossbows      | 1 2 3 4 5 6 7 8 |  8.2
Throwing       | 1 2 3 4 5 6 7 8 |  8.2
Stealth        | 1 2 3 4 5 6 7 8 |  8.2
Shields        | 1 2 3 4 5 6 7 8 |  8.2
Unarmed Combat | 1 2 3 4 5 6 7 8 |  8.2
Evocations     | 1 2 3 4 5 6 7 8 |  8.2
Conjurations   | 1 2 3 4 5 6 |  6.8
Hexes          | 1 2 3 4 5 6 |  6.8
Summonings     | 1 2 3 4 5 6 |  6.8
Necromancy     | 1 2 3 4 5 6 |  6.8
Translocations | 1 2 3 4 5 6 |  6.8
Transmutations | 1 2 3 4 5 6 |  6.8
Fire Magic     | 1 2 3 4 5 6 |  6.8
Ice Magic      | 1 2 3 4 5 6 |  6.8
Air Magic      | 1 2 3 4 5 6 |  6.8
Earth Magic    | 1 2 3 4 5 6 |  6.8
Poison Magic   | 1 2 3 4 5 6 |  6.8
Armour         | 3 4 5 6 7 8 |  8.6
Fighting       | 5 6 7 8 9 |  9.4
Short Blades   | 5 6 7 8 9 |  9.4
Dodging        | 5 6 7 8 9 |  9.4
Charms         | 6 7 8 |  8.8

Action                   |  1- 3 |  4- 6 |  7- 9 | 10-12 | 13-15 || total
-------------------------+-------+-------+-------+-------+-------++-------
Melee: Short sword       |   119 |   119 |       |   107 |       ||   345
       Bite              |    17 |    30 |    60 |    75 |    17 ||   199
       Punch             |     2 |     3 |     8 |     9 |       ||    22
       Dagger            |       |   159 |   450 |     1 |       ||   610
       Falchion          |       |       |    33 |       |       ||    33
       Scimitar          |       |       |    40 |   527 |   101 ||   668
       Unarmed           |       |       |       |    22 |       ||    22
       Executioner's axe |       |       |       |       |     8 ||     8
       Kick              |       |       |       |       |     7 ||     7
Throw: Stone             |       |     2 |     3 |       |       ||     5
       Dart              |       |       |     4 |    45 |       ||    49
 Cast: Shroud of Golubri |     8 |    22 |    23 |    50 |    12 ||   115
       Spectral Weapon   |     1 |     7 |    12 |    41 |    11 ||    72
       Regeneration      |     1 |     7 |     1 |    33 |     9 ||    51
       Song of Slaying   |       |     3 |       |     3 |     2 ||     8
       Infusion          |       |     2 |     2 |     2 |     1 ||     7
       Spider Form       |       |       |       |     2 |       ||     2
       Mephitic Cloud    |       |       |       |     2 |       ||     2
       Beastly Appendage |       |       |       |       |     2 ||     2
Invok: Heroism           |       |       |       |     1 |       ||     1
 Abil: End Transformatio |       |       |       |     1 |       ||     1
  Use: Scroll            |     3 |       |     6 |     9 |    11 ||    29
       Potion            |       |       |       |     2 |     1 ||     3
 Stab: Distracted        |     1 |     1 |     1 |     6 |     3 ||    12
       Fleeing           |     1 |       |       |       |       ||     1
       Sleeping          |       |     1 |     1 |    15 |     3 ||    20
       Confused          |       |       |       |     4 |       ||     4
  Eat: Chunk             |       |    10 |    11 |    26 |     4 ||    51
Armor: Leather armour    |    14 |       |       |    78 |    19 ||   111
       Ring mail         |     6 |    68 |    88 |    47 |       ||   209
       Chain mail        |       |       |   111 |       |       ||   111
       Scale mail        |       |       |       |       |     2 ||     2
Dodge: Dodged            |    73 |   120 |   263 |   433 |    69 ||   958
Block: Buckler           |       |       |       |   155 |    47 ||   202
       Rpst.: Falchion   |       |       |     2 |       |       ||     2
       Scimitar          |       |       |     9 |   115 |    18 ||   142
